 Dungeon Crawl Stone Soup version 0.20.0-15-g7f486f2 (webtiles) character file.

40 NoAnimeNoLife the Skirmisher (level 3, -9/36 HPs)
             Began as a Minotaur Fighter on June 13, 2017.
             Splashed by Ijyb's acid (11 damage)
             ... on level 3 of the Dungeon.
             The game lasted 00:01:25 (1288 turns).

NoAnimeNoLife the Skirmisher (Minotaur Fighter)     Turns: 1288, Time: 00:01:26

Health: -9/36      AC:  9    Str: 20    XL:     3   Next: 30%
Magic:  2/2        EV:  5    Int:  5    God:
Gold:   100        SH:  9    Dex: 12    Spells: 2/2 levels left

rFire    . . .     SeeInvis .   a - +0 flail
rCold    . . .     Gourm    .   c - +0 shield
rNeg     . . .     Faith    .   j - +0 chain mail
rPois    .         Spirit   .   (helmet restricted)
rElec    .         Reflect  .   (no cloak)
rCorr    .         Harm     .   (no gloves)
MR       .....                  (no boots)
Stlth    ..........             (no amulet)
Regen    0.2/turn               r - +2 ring of dexterity
MPRegen  0.1/turn               (no ring)

@: no status effects
A: retaliatory headbutt, horns 2
a: no special abilities


You were on level 3 of the Dungeon.
You were not hungry.

You visited 1 branch of the dungeon, and saw 3 of its levels.

You collected 100 gold pieces.

Inventory:

Hand Weapons
 a - a +0 flail (weapon)
Armour
 b - a +0 scale mail
 c - a +0 shield (worn)
 j - a +0 chain mail (worn)
Jewellery
 r - a +2 ring of dexterity (left hand)
Scrolls
 e - a scroll of teleportation {unknown}
 h - 5 scrolls of identify {unknown}
 k - 2 scrolls of magic mapping {unknown}
 n - a scroll of blinking {unknown}
 p - a scroll of immolation {unknown}
 q - a scroll of remove curse {unknown}
Potions
 d - a potion of might
 g - 2 potions of curing {unknown}
 i - a potion of magic {unknown}
 m - 2 potions of heal wounds {unknown}
 o - a potion of berserk rage {unknown}
Comestibles
 f - 4 bread rations
 l - 2 royal jellies


   Skills:
 + Level 5.2 Fighting
 - Level 2.4 Maces & Flails
 - Level 3.6 Armour
 + Level 0.7 Dodging
 - Level 3.6 Shields


You had 2 spell levels left.
You didn't know any spells.

Dungeon Overview and Level Annotations

Branches:
Dungeon (3/15)

Altars:
Elyvilon
Kikubaaqudgha
Sif Muna
Trog

Annotations:
D:3 Ijyb


Innate Abilities, Weirdness & Mutations

You reflexively headbutt those who attack you in melee.
You have a pair of horns on your head.


Message History

You are too injured to fight recklessly!
You are too injured to fight recklessly!
You are too injured to fight recklessly!
You are too injured to fight recklessly!
You are too injured to fight recklessly!
You are too injured to fight recklessly!
You are too injured to fight recklessly!
You are too injured to fight recklessly!
You are too injured to fight recklessly!
You are too injured to fight recklessly!
You are too injured to fight recklessly!
You are too injured to fight recklessly!
You are too injured to fight recklessly!
Unknown command.
You sock Ijyb!
Ijyb is severely wounded.
Ijyb zaps a wand.
The bolt of acid hits you!
* * * LOW HITPOINT WARNING * * *
You are splashed with acid!
The acid burns!
You die...

..####.......
###...........
......<....#
##.#.......#
..........#
#.......#
#.....!.#
#.#..>....#.#
#....@g.....#
.......).......
.#####.##......
#. .####. #. .#
#. .# #. #.


You could see Ijyb.

Vanquished Creatures
  3 worms (D:2)
  A leopard gecko (D:1)
  A ball python (D:1)
  A giant cockroach (D:1)
  6 goblins
  2 hobgoblins
  5 jackals
  2 kobolds (D:1)
  3 bats
  2 frilled lizards (D:1)
  3 rats (D:1)
29 creatures vanquished.

Notes
Turn   | Place    | Note
-------+----------+-------------------------------------------
     0 | D:1      | NoAnimeNoLife the Minotaur Fighter began the quest for the Orb.
     0 | D:1      | Reached XP level 1. HP: 19/19 MP: 0/0
   143 | D:1      | Reached skill level 4 in Fighting
   170 | D:1      | Reached XP level 2. HP: 26/27 MP: 1/1
   785 | D:2      | Reached skill level 5 in Fighting
   785 | D:2      | Reached XP level 3. HP: 36/36 MP: 2/2
  1149 | D:2      | Found a deep blue altar of Sif Muna.
  1149 | D:2      | Found an ancient bone altar of Kikubaaqudgha.
  1149 | D:2      | Found a white marble altar of Elyvilon.
  1150 | D:2      | Found a bloodstained altar of Trog.
  1280 | D:3      | Noticed Ijyb
  1288 | D:3      | Splashed by Ijyb's acid

Skill      XL: |  1  2 |
---------------+-------+-----
Fighting       | 4 5 |  5.2
Maces & Flails | |  2.4
Armour         | |  3.6
Dodging        | |  0.7
Shields        | |  3.6

Action                   || total
-------------------------++-------
Melee: Flail             ||    88
       Headbutt          ||    12
  Eat: Chunk             ||     1
Armor: Scale mail        ||    20
       Chain mail        ||    10
Dodge: Dodged            ||    19
Block: Shield            ||    47
